 Dungeon Crawl Stone Soup version 0.27-a0-1525-g1038ab4fd7 (webtiles) character file.

Game seed: 6385548735016104773

71 avis the Insei (level 4, -1/29 HPs)
             Began as an Octopode Transmuter on July 10, 2021.
             Slain by a gnoll (7 damage)
             ... on level 2 of the Dungeon.
             The game lasted 00:09:05 (1897 turns).

avis the Insei (Octopode Transmuter)                Turns: 1897, Time: 00:09:05

Health: -1/29      AC:  2    Str: 10    XL:     4   Next: 24%
Magic:  3/7        EV: 19    Int: 15    God:
Gold:   57         SH:  0    Dex: 17    Spells: 3/7 levels left

rFire    . . .     SeeInvis .     - Unarmed
rCold    . . .     Faith    .   (shield currently unavailable)
rNeg     . . .     Spirit   .   (helmet currently unavailable)
rPois    x         Reflect  .   (no amulet)
rElec    .         Harm     .   (no ring)
rCorr    .         Rampage  .   (no ring)
Will     .....                  (no ring)
Stlth    ++........             (no ring)
HPRegen  0.09/turn              (no ring)
MPRegen  0.10/turn              (no ring)
                                (no ring)
                                (no ring)

@: spider-form
A: venomous fangs, almost no armour, (amphibious), 8 rings, tiny, (camouflage
1), (gelatinous body 1), (nimble swimmer 1), (tentacles)
a: End Transformation


You were on level 2 of the Dungeon.
You were a venomous arachnid creature.
You visited 1 branch of the dungeon, and saw 2 of its levels.

You collected 57 gold pieces.

Inventory:

Hand Weapons
 e - a +0 spear
Missiles
 a - 23 sling bullets
 l - 6 poisoned darts
Magical Staves
 c - a staff of cold
Jewellery
 g - an amulet of faith
Scrolls
 d - 2 scrolls of teleportation {unknown}
 f - a scroll of enchant armour {unknown}
 h - a scroll of fog {unknown}
 m - a scroll of fear {unknown}
Potions
 b - a potion of invisibility
 i - a potion of attraction {unknown}
 j - a potion of resistance {unknown}
 k - a potion of might
 n - a potion of lignification {unknown}


   Skills:
 * Level 2.1 Fighting
 - Level 2.0 Dodging
 - Level 1.0 Stealth
 - Level 4.0 Unarmed Combat
 - Level 2.0 Spellcasting
 - Level 2.0 Transmutations
 - Level 2.0 Poison Magic


You had 3 spell levels left.
You knew the following spells:

 Your Spells              Type           Power      Damage    Failure   Level
a - Beastly Appendage     Tmut           14%        N/A       24%         1
p - Spider Form           Tmut/Pois      3%         N/A       50%         3

Your spell library contained the following spells:

 Spells                   Type           Power      Damage    Failure   Level
 Wereblood                Tmut           7%         N/A       32%         2
 Corona                   Hex            1%         N/A       43%         1
 Foxfire                  Conj/Fire      4%         2x1d4     43%         1
 Conjure Flame            Conj/Fire      1%         6-21      75%         3
 Inner Flame              Hex/Fire       1%         N/A       75%         3
 Ice Form                 Ice/Tmut       4%         N/A       93%         4


Dungeon Overview and Level Annotations

Branches:
Dungeon (2/15)

Altars:


Innate Abilities, Weirdness & Mutations

You are a venomous arachnid creature.
You have poisonous fangs.
You are tiny and dextrous.
Your spellcasting is less reliable in this form.
Your armour is entirely melded.
You are incapable of wielding weapons or throwing items.
You cannot wear most types of armour.
((You are amphibious.))
You can wear up to eight rings at the same time.
((Your skin changes colour to match your surroundings (Stealth+).))
((Your rubbery body absorbs attacks. (AC +1, EV +1)))
((You are camouflaged near water. (Stealth+)))
((You have tentacles for arms and can constrict up to eight enemies at once.))


Message History

The gnoll is heavily wounded.
You constrict the gnoll. The gnoll misses you.
You tentacle-slap the gnoll.
The gnoll is severely wounded.
You constrict the gnoll. The gnoll closely misses you.
You bludgeon the gnoll!
You kill the gnoll!
A gnoll comes into view. It is wielding a +0 whip.
You have reached level 4!
You bludgeon the gnoll! Your grab misses the gnoll.
Your tentacle spike misses the gnoll.
The gnoll is heavily wounded.
The gnoll hits you with a +0 club!
You completely miss the gnoll. You grab the gnoll.
You pierce the gnoll, but do no damage.
The gnoll is heavily wounded.
You constrict the gnoll. The gnoll hits you with a +0 club.
You tentacle-slap the gnoll.
You kill the gnoll!
The gnoll drinks a potion.
The gnoll seems to grow stronger.
Your Fighting skill increases to level 2!
The gnoll hits you with a +0 whip!
Ouch! That really hurt!
* * * LOW HITPOINT WARNING * * *
Things that are here:
a +0 club; a +0 flail; a gnoll corpse You closely miss the gnoll.
You grab the gnoll.
Your tentacle spike disappears.
You constrict the gnoll. The gnoll misses you.
Casting: Beastly Appendage (safe; 10% risk of failure)
Confirm with . or Enter, or press ? or * to list all spells.
The spell is extremely dangerous to cast (28% risk of failure)!
Continue anyway?
You turn into a venomous arachnid creature.
You lose your grip on the gnoll.
The gnoll completely misses you.
You hit the gnoll.
The gnoll is poisoned.
The gnoll is heavily wounded.
You hit the gnoll.
The gnoll looks as sick as possible!
The gnoll is severely wounded.
The gnoll hits you with a +0 whip!
You die...

# ## #. #. #. ###
#.# #. #...... #.
#.#.#.# #. ######.#
...... #. #..sg..#
##.#.####.
#.#######.#.........
#.# #.....†....# #.#
#######.###.#
#.######.......# #.#
#.............## #.#
#.######.####.# #.#
### #.# #.# #.# #.#
#.# #.#


You could see a gnoll (strong, extremely poisoned).

Vanquished Creatures
  2 adders (D:2)
  2 gnolls (D:2)
  2 ball pythons (D:1)
  4 bats
  5 endoplasms
  2 goblins (D:1)
  9 jackals
  4 frilled lizards
30 creatures vanquished.

Notes
Turn   | Place    | Note
-------+----------+-------------------------------------------
     0 | D:1      | avis the Octopode Transmuter began the quest for the Orb.
     0 | D:1      | Reached XP level 1. HP: 13/13 MP: 3/3
   349 | D:1      | Reached XP level 2. HP: 8/18 MP: 3/5
   652 | D:1      | Reached skill level 4 in Unarmed Combat
   738 | D:1      | Reached skill level 1 in Stealth
   738 | D:1      | Reached XP level 3. HP: 17/23 MP: 4/6
   743 | D:1      | Learned a level 3 spell: Spider Form
   908 | D:1      | Found a faded altar of an unknown god.
   916 | D:1      | Got Plato's Catalogue of Hexes
  1204 | D:2      | HP: 1/23 [poisoned by an adder]
  1216 | D:2      | Reached skill level 1 in Poison Magic
  1890 | D:2      | Reached XP level 4. HP: 29/29 MP: 5/7
  1897 | D:2      | Slain by a gnoll

Illustrated notes

Levels and vault maps discovered:
D:1:      minmay_arrival_glassed_features, layout_basic,
          shapermc_ecumenical_altar_rom_forum, minivault_23, minmay_tetromino_s4
D:2:      layout_basic, hex_tiny, kennysheep_generic_room_14

Skill      XL: |  1  2  3  4 |
---------------+-------------+-----
Unarmed Combat | 4 |  4.0
Stealth        | 1 |  1.0
Poison Magic   | 2 |  2.0
Fighting       | 2 |  2.1
Dodging        | |  2.0
Spellcasting   | |  2.0
Transmutations | |  2.0

Action                   |  1- 3 |  4- 6 || total
-------------------------+-------+-------++-------
Melee: Unarmed           |    72 |     6 ||    78
       Constrict         |    18 |     2 ||    20
       Kick              |    12 |     1 ||    13
       Tentacles         |    11 |       ||    11
       Punch             |     3 |       ||     3
 Cast: Beastly Appendage |    23 |       ||    23
       Spider Form       |       |     1 ||     1
  Use: Potion            |     2 |       ||     2
 Stab: Sleeping          |     7 |       ||     7
Armor: Skin              |     4 |       ||     4
Dodge: Dodged            |    53 |     2 ||    55

Table legend: (Time is in decaauts)
 A = Elapsed time spent in this place.
 B = Non-inter-level travel time spent in this place.
 C = Inter-level travel time spent in this place.
 D = Time resting spent in this place.
 E = Time spent auto-exploring this place.
 F = Levels seen in this place.
 G = Mean time per level.
                   A        B        C        D        E       F      G
               +--------+--------+--------+--------+--------+-----+--------+
         Total |   1891 |   1855 |     36 |    611 |    900 |   2 |  945.5 |
       Dungeon |   1891 |   1855 |     36 |    611 |    900 |   2 |  945.5 |
               +--------+--------+--------+--------+--------+-----+--------+

Top non-repeatable levels by time:
     D:1: 1189 daAuts
     D:2: 701 daAuts
